 Dungeon Crawl Stone Soup version 0.28.0-62-gf88900778d (webtiles) character file.

Game seed: 14352712127547868932

491 cbfl8 the Chopper (level 6, -2/79 HPs)
             Began as a Minotaur Berserker on July 2, 2023.
             Was a Priest of Trog.
             Slain by Pikel
             ... wielding a +0 whip of electrocution
              (5 damage)
             ... on level 5 of the Dungeon.
             The game lasted 00:03:35 (4329 turns).

cbfl8 the Chopper (Minotaur Berserker)              Turns: 4329, Time: 00:03:36

Health: -2/79      AC: 10    Str: 22    XL:     6   Next: 91%
Magic:  5/5        EV:  8    Int:  4    God:    Trog [***...]
Gold:   232        SH:  3    Dex: 11    Spells: 5/5 levels left

rFire   + . .      SeeInvis .   a - +0 hand axe
rCold   x . .      Faith    .   b - +0 buckler
rNeg    . . .      Spirit   .   v - +0 chain mail
rPois   .          Reflect  .   (helmet restricted)
rElec   .          Harm     .   (no cloak)
rCorr   .          Rampage  .   i - +0 pair of gloves
Will    .....                   (no boots)
Stlth   ..........              (no amulet)
HPRegen 0.23/turn               m - ring of fire
MPRegen 0.09/turn               (no ring)

@: berserking, very quick
A: horns 2, retaliatory headbutt
a: Renounce Religion, Berserk, Trog's Hand


You were on level 5 of the Dungeon.
You worshipped Trog.
Trog was most pleased with you.
You visited 1 branch of the dungeon, and saw 5 of its levels.
You also visited: Sewer.

You collected 232 gold pieces.

Inventory:

Hand Weapons
 a - a +0 hand axe (weapon)
Armour
 b - a +0 buckler (worn)
 i - a +0 pair of gloves (worn)
 v - a +0 chain mail (worn)
Jewellery
 m - a ring of fire (left hand)
Wands
 s - a wand of iceblast (14)
Scrolls
 c - 2 scrolls of identify {unknown}
 d - 2 scrolls of enchant weapon {unknown}
 e - a scroll of summoning {unknown}
 f - a scroll of amnesia {unknown}
 g - 2 scrolls of teleportation
 h - a scroll of immolation {unknown}
 n - a scroll of holy word {unknown}
 o - a scroll of enchant armour {unknown}
 p - a scroll of torment {unknown}
Potions
 j - 5 potions of degeneration {unknown}
 k - a potion of haste {unknown}
 q - a potion of mutation {unknown}
 r - 3 potions of curing {unknown}
 t - a potion of flight {unknown}
 u - a potion of berserk rage {unknown}


   Skills:
 + Level 4.7 Fighting
 + Level 6.2 Axes
 + Level 3.8 Armour
 + Level 2.9 Dodging
 * Level 2.1 Stealth
 + Level 1.0 Shields
 * Level 2.7 Evocations


You had 5 spell levels left.
You didn't know any spells.
Your spell library was empty.

Dungeon Overview and Level Annotations

Branches:
Dungeon (5/15)             Temple (0/1) D:4           Sewer (visited)

Altars:
Nemelex Xobeh
Okawaru

Annotations:
D:5 Pikel


Innate Abilities, Weirdness & Mutations

You have a pair of horns on your head.
You reflexively headbutt those who attack you in melee.


Message History

Unknown command.
You are too injured to fight recklessly!
Unknown command.
You slash Pikel! You headbutt Pikel, but do no damage.
Pikel is moderately wounded.
You hit the lemure. You hit the water moccasin. You slash the lemure!
You completely miss the lemure. You hit the lemure.
The water moccasin barely misses you. The lemure hits you!
Pikel hits you with a +0 whip of electrocution.
* * * LOW HITPOINT WARNING * * *
You barely miss Pikel. You headbutt Pikel, but do no damage.
Pikel is moderately wounded.
You hit the lemure. You slash the lemure! You barely miss the lemure.
You closely miss the water moccasin. You barely miss the lemure.
The water moccasin bites you but does no damage.
The lemure closely misses you. You furiously retaliate!
You headbutt the lemure.
You kill the lemure!
That felt strangely unrewarding.
The lemure hits you.
* * * LOW HITPOINT WARNING * * *
The lemure hits you.
* * * LOW HITPOINT WARNING * * *
You hit Pikel.
Pikel is moderately wounded.
You hit the lemure. You barely miss the water moccasin. You hit the lemure. x2
The water moccasin bites you but does no damage.
Pikel barely misses you.
The lemure hits you but does no damage. x2
Unknown command.
You slash Pikel! Your headbutt misses Pikel.
Pikel is severely wounded.
You closely miss the lemure. You hit the water moccasin. You slash the lemure!
You barely miss the iguana. You slash the lemure!
You kill the lemure!
That felt strangely unrewarding.
You block the lemure's attack. The water moccasin bites you.
* * * LOW HITPOINT WARNING * * *
The lemure hits you!
* * * LOW HITPOINT WARNING * * *
Pikel hits you with a +0 whip of electrocution.
You die...

# #.........#..<.#....##
#...............###....#
.....................###
.....>...............#
................#...##
................#.###
...... .........##
...... ......S...#..#.
......5@5.....#
......K.l......
...............
...............
........(......
...............
...............
...............


You could see Pikel, a water moccasin, 2 lemures and an iguana.

Vanquished Creatures
  Pargi (Sewer)
  An ogre (D:3)
  A necrophage (D:5)
  2 lemures (D:5)
  An orc priest (D:5)
  An orc wizard (D:5)
  3 gnolls (D:2)
  2 adders
  An adder skeleton (D:4)
  3 worms (D:3)
  15 dart slugs
  4 orcs
  6 bats
  4 endoplasms
  2 giant cockroaches
  7 goblins
  7 hobgoblins
  7 kobolds
  4 quokkas (D:3)
  11 ball pythons
  6 frilled lizards
  5 rats
94 creatures vanquished.

Vanquished Creatures (others)
  3 plants (D:2)
3 creatures vanquished.

Grand Total: 97 creatures vanquished

Notes
Turn   | Place    | Note
-------+----------+-------------------------------------------
     0 | D:1      | cbfl8 the Minotaur Berserker began the quest for the Orb.
     0 | D:1      | Reached XP level 1. HP: 19/19 MP: 0/0
   283 | D:1      | Reached XP level 2. HP: 27/27 MP: 1/1
   342 | D:1      | Reached skill level 4 in Axes
   873 | D:2      | Reached skill level 1 in Evocations
   900 | D:2      | Reached ** piety under Trog
   916 | D:2      | Reached XP level 3. HP: 33/33 MP: 2/2
  1189 | D:2      | Reached XP level 4. HP: 40/40 MP: 3/3
  1404 | D:2      | Found a faded altar of an unknown god.
  1414 | D:2      | Identified the +1 falchion "Conservator" {freeze, rPois
                  | rC+}
  1982 | D:3      | Reached skill level 5 in Axes
  2120 | D:3      | Found a glowing drain.
  2131 | D:3      | Reached skill level 1 in Stealth
  2143 | Sewer    | Entered a sewer
  2656 | Sewer    | Noticed Pargi
  2662 | Sewer    | Killed Pargi
  2663 | Sewer    | Reached XP level 5. HP: 45/47 MP: 4/4
  2778 | D:3      | Found an iron altar of Okawaru.
  2797 | D:3      | Reached *** piety under Trog
  2852 | D:3      | Found a sparkling altar of Nemelex Xobeh.
  3144 | D:3      | Noticed an ogre
  3152 | D:3      | Killed an ogre
  3153 | D:3      | Reached XP level 6. HP: 9/53 MP: 5/5
  3801 | D:4      | Found a staircase to the Ecumenical Temple.
  4121 | D:5      | Entered Level 5 of the Dungeon
  4159 | D:5      | Reached skill level 6 in Axes
  4252 | D:5      | Reached skill level 1 in Shields
  4319 | D:5      | Noticed Pikel
  4320 | D:5      | Noticed a water moccasin
  4329 | D:5      | HP: 3/79 [lemure[Pikel] (7)]
  4329 | D:5      | Slain by Pikel

Illustrated notes

Levels and vault maps discovered:
D:1:      saegor_arrival_fortress, layout_loops_ring,
          hangedman_abyss_or_decor_stabs, wander_ebering_terrifying_dragon_lair
D:2:      layout_rooms, nicolae_ecumenical_lake_church,
          chequers_serial_rivers_micro_b, serial_bayou_ford_a,
          nicolae_grassy_gnolls
D:3:      kennysheep_slugbush, layout_loops_ring,
          mainiacjoe_overflow_large_starburst, gup_sewer_entry_bubbles
D:4:      layout_basic, minmay_temple_entry_hall, serial_corexii_hall,
          chequers_hall_statues_wall_a, corexii_hall_statues_l
D:5:      layout_cave_pools, uniq_edmund, uniq_pikel

Skill      XL: |  1  2  3  4  5  6 |
---------------+-------------------+-----
Axes           | 4 5 6 |  6.2
Evocations     | 1 2 |  2.7
Fighting       | 4 |  4.7
Stealth        | 1 2 |  2.1
Armour         | 3 |  3.8
Shields        | 1 |  1.0
Dodging        | |  2.9

Action                   |  1- 3 |  4- 6 || total
-------------------------+-------+-------++-------
Melee: Hand axe          |    53 |   152 ||   205
       Headbutt          |     5 |    30 ||    35
Invok: Berserk           |     1 |     2 ||     3
  Use: Scroll            |       |     2 ||     2
 Stab: Sleeping          |     2 |     1 ||     3
Armor: Animal skin       |     8 |     3 ||    11
       Scale mail        |       |    72 ||    72
       Chain mail        |       |    26 ||    26
Dodge: Dodged            |    40 |    87 ||   127
Block: Buckler           |       |    16 ||    16
